 Dungeon Crawl Stone Soup version 0.29-a0-317-gd16b76e6b1 (webtiles) character file.

Game seed: 12279025614828730481

25 Armakuni the Grave Robber (level 3, -2/27 HPs)
             Began as a Human Wanderer on Mar 27, 2022.
             Slain by a gnoll
             ... wielding a +0 whip
              (5 damage)
             ... on level 1 of the Dungeon on Mar 30, 2022.
             The game lasted 00:03:51 (1154 turns).

Armakuni the Grave Robber (Human Wanderer)          Turns: 1154, Time: 00:03:52

Health: -2/27      AC:  3    Str:  8    XL:     3   Next: 17%
Magic:  4/4        EV: 12    Int: 14    God:
Gold:   8          SH:  0    Dex: 16    Spells: 4/4 levels left

rFire   . . .      SeeInvis .   a - +1 quarterstaff
rCold   . . .      Faith    .   (shield currently unavailable)
rNeg    . . .      Spirit   .   d - +0 robe
rPois   .          Reflect  .   i - +0 helmet
rElec   .          Harm     .   (no cloak)
rCorr   .          Rampage  .   (no gloves)
Will    .....                   (no boots)
Stlth   ++........              (no amulet)
HPRegen 0.09/turn               (no ring)
MPRegen 0.09/turn               (no ring)

@: no status effects
A: no striking features
a: no special abilities


You were on level 1 of the Dungeon.
You visited 1 branch of the dungeon, and saw 2 of its levels.

You collected 8 gold pieces.

Inventory:

Hand Weapons
 a - a +1 quarterstaff (weapon)
 b - a +1 dagger of venom
Armour
 d - a +0 robe (worn)
 i - a +0 helmet (worn)
Jewellery
 F - a ring of fire
Scrolls
 c - 2 scrolls of blinking
 f - a scroll of silence {unknown}
Potions
 e - 2 potions of lignification
 g - a potion of attraction
 h - 3 potions of curing
 j - 2 potions of might {unknown}


   Skills:
 + Level 2.1 Fighting
 + Level 2.1 Staves
 - Level 1.0 Dodging
 - Level 1.0 Stealth
 - Level 1.0 Spellcasting
 - Level 4.0 Necromancy
 - Level 1.0 Evocations


You had 4 spell levels left.
You didn't know any spells.
Your spell library contained the following spells:

 Spells                   Type           Power      Damage    Failure   Level
 Animate Skeleton         Necr           22%        N/A       4%          1
 Pain                     Necr           44%        1d6       4%          1
 Anguish                  Hex/Necr       3%         N/A       75%         4


Dungeon Overview and Level Annotations

Branches:
Dungeon (2/15)

Altars:


Message History

Partly explored, can't reach some items.
Items here: †††††.
There is a stone staircase leading down here.
You climb downwards.
There is a stone staircase leading up here.
Found a pair of gloves.
A gnoll, a dart slug, an adder and a rat come into view.
Found a scroll labelled VAUMUY LALAKA.
The dart slug bites the plant.
The plant begins to die.
There is a stone staircase leading up here.
The gnoll hits you with a +0 whip.
You climb upwards.
There is a stone staircase leading down here.
You sock the gnoll!
The gnoll is heavily wounded.
The gnoll hits you with a +0 whip!
You barely miss the gnoll.
The gnoll is heavily wounded.
The gnoll hits you with a +0 whip.
You are too injured to fight recklessly!
You hit the gnoll.
The gnoll is severely wounded.
The gnoll closely misses you.
You barely miss the gnoll.
The gnoll is severely wounded.
The gnoll hits you with a +0 whip.
* * * LOW HITPOINT WARNING * * *
You hit the gnoll but do no damage.
The gnoll is severely wounded.
The gnoll hits you with a +0 whip.
* * * LOW HITPOINT WARNING * * *
The gnoll hits you with a +0 whip.
* * * LOW HITPOINT WARNING * * *
You hit the gnoll.
The gnoll is almost dead.
The gnoll barely misses you.
You barely miss the gnoll.
The gnoll is almost dead.
The gnoll hits you with a +0 whip.
You die...

.....###.# .....# #.#
.#.#####.######## .#.#
#..........### .#.#
#.########...## .#.#
#.#######.###.#
...###.........# #^#
.......#.......###.#
######..#######g@.## ..#
#.## #..## #†# #.# #..#
#.# #.########..# #.#
#...........# #.#
#..########.# #.####..#
#.# ...[....########.##
..................########


You could see a gnoll.

Vanquished Creatures
  3 ball pythons (D:1)
  2 bats (D:1)
  A giant cockroach (D:1)
  A hobgoblin (D:1)
  2 jackals (D:1)
  4 kobolds (D:1)
  10 frilled lizards (D:1)
  A rat (D:1)
24 creatures vanquished.

Vanquished Creatures (others)
  7 plants
7 creatures vanquished.

Grand Total: 31 creatures vanquished

Notes
Turn   | Place    | Note
-------+----------+-------------------------------------------
     0 | D:1      | Armakuni the Human Wanderer began the quest for the Orb.
     0 | D:1      | Armakuni set off with the following items: a +0
                  | quarterstaff, a +0 helmet, a scroll of blinking, a +0 robe;
                  | and the following spells available to memorise: Animate
                  | Skeleton, Pain, Anguish
     0 | D:1      | Reached XP level 1. HP: 15/15 MP: 2/2
    47 | D:1      | Upgraded the game from 0.29-a0-307-gecccbbdb84 to
                  | 0.29-a0-317-gd16b76e6b1
   256 | D:1      | Reached XP level 2. HP: 21/21 MP: 3/3
   859 | D:1      | Found a faded altar of an unknown god.
  1027 | D:1      | Reached XP level 3. HP: 26/27 MP: 4/4
  1154 | D:1      | Slain by a gnoll

Illustrated notes

Levels and vault maps discovered:
D:1:      lemuel_arrival_lava_pool, layout_loops_ring,
          shapermc_ecumenical_altar_mp_vishouse, minmay_door_square,
          minmay_lizard_king
D:2:      layout_rooms, chequers_mini_garden, nicolae_grassy_gnolls

Skill      XL: |  1  2 |
---------------+-------+-----
Fighting       | 2 |  2.1
Staves         | 2 |  2.1
Dodging        | |  1.0
Stealth        | |  1.0
Spellcasting   | |  1.0
Necromancy     | |  4.0
Evocations     | |  1.0

Action                   || total
-------------------------++-------
Melee: Quarterstaff      ||    60
  Use: Scroll            ||     4
 Stab: Sleeping          ||     2
Armor: Robe              ||     6
Dodge: Dodged            ||    29

Table legend: (Time is in decaauts)
 A = Elapsed time spent in this place.
 B = Non-inter-level travel time spent in this place.
 C = Inter-level travel time spent in this place.
 D = Time resting spent in this place.
 E = Time spent auto-exploring this place.
 F = Levels seen in this place.
 G = Mean time per level.
                   A        B        C        D        E       F      G
               +--------+--------+--------+--------+--------+-----+--------+
         Total |   1166 |   1125 |     41 |     71 |    776 |   2 |  583.0 |
       Dungeon |   1166 |   1125 |     41 |     71 |    776 |   2 |  583.0 |
               +--------+--------+--------+--------+--------+-----+--------+

Top non-repeatable levels by time:
     D:1: 1148 daAuts
     D:2: 17 daAuts
